 Dungeon Crawl Stone Soup version 0.30-a0-613-gdd512c7efb (webtiles) character file.

Game seed: 9429890691039701865

30 acebull12 the Chopper (level 3, 0/33 HPs)
             Began as a Hill Orc Monk on Jan 9, 2023.
             Slain by a gnoll
             ... wielding a +0 whip
              (5 damage)
             ... on level 2 of the Dungeon.
             The game lasted 00:02:41 (1174 turns).

acebull12 the Chopper (Hill Orc Monk)               Turns: 1174, Time: 00:02:41

Health: 0/33       AC:  9    Str: 15    XL:     3   Next: 18%
Magic:  3/3        EV:  7    Int: 10    God:
Gold:   94         SH:  0    Dex: 13    Spells: 2/2 levels left

rFire   . . .      SeeInvis .    a - +0 hand axe
rCold   . . .      Faith    .    (no shield)
rNeg    . . .      Spirit   .    m - +0 chain mail
rPois   .          Reflect  .    (no helmet)
rElec   .          Harm     .    (no cloak)
rCorr   .          Rampage  .    f - +0 pair of gloves
Will    .....                    (no boots) Stlth
                                 (no amulet)
HPRegen 0.25/turn                (no ring)
MPRegen 0.08/turn                (no ring)

@: no status effects
A: no striking features
a: no special abilities


You were on level 2 of the Dungeon.
You visited 1 branch of the dungeon, and saw 2 of its levels.

You collected 94 gold pieces.

Inventory:

Hand Weapons
 a - a +0 hand axe (weapon)
Missiles
 d - 16 stones (quivered)
 j - 2 throwing nets
Armour
 b - a +0 robe
 f - a +0 pair of gloves (worn)
 m - a +0 chain mail (worn)
Scrolls
 e - a scroll of vulnerability {unknown}
 g - 3 scrolls of magic mapping {unknown}
 h - a scroll of blinking {unknown}
 i - a scroll of identify {unknown}
 l - a scroll of fog {unknown}
 n - a scroll of poison {unknown}
 q - a scroll of immolation {unknown}
Potions
 c - a potion of ambrosia
 k - a potion of attraction {unknown}
 o - a potion of lignification {unknown}
 p - a potion of experience {unknown}


   Skills:
 * Level 4.0 Fighting
 * Level 4.7 Axes
 * Level 0.1 Armour
 + Level 2.6 Dodging
 + Level 1.7 Stealth


You had 2 spell levels left.
You didn't know any spells.
Your spell library contained the following spells:

 Spells                   Type           Power      Damage    Failure   Level
 Malign Gateway           Summ/Tloc      0%         N/A       100%        7
 Summon Horrible Things   Summ           0%         N/A       100%        8


Dungeon Overview and Level Annotations

Branches:
Dungeon (2/15)

Altars:


Message History

The gnoll hits you but does no damage.
A gnoll comes into view. It is wielding a +0 whip.
You barely miss the gnoll.
The gnoll shouts!
The gnoll hits you with a +0 club.
You barely miss the gnoll. You hit the gnoll.
The gnoll is moderately wounded.
You closely miss the gnoll.
The gnoll is moderately wounded.
You hit the gnoll. The gnoll hits you with a +0 whip.
The gnoll hits you with a +0 club.
You hit the gnoll but do no damage.
The gnoll is moderately wounded.
You closely miss the gnoll. The gnoll hits you but does no damage.
The gnoll hits you with a +0 club. The gnoll barely misses you. x2
You closely miss the gnoll.
The gnoll is moderately wounded.
You hit the gnoll. The gnoll hits you with a +0 club.
The gnoll hits you with a +0 whip.
You hit the gnoll.
The gnoll is heavily wounded.
You hit the gnoll but do no damage. The gnoll closely misses you.
You hit the gnoll but do no damage.
The gnoll is heavily wounded.
You hit the gnoll. x2; The gnoll hits you with a +0 whip.
The gnoll hits you but does no damage. x2
You closely miss the gnoll.
The gnoll is heavily wounded.
You closely miss the gnoll. You barely miss the gnoll.
The gnoll hits you with a +0 whip. The gnoll hits you but does no damage.
The gnoll closely misses you.
You are too injured to fight recklessly!
You are too injured to fight recklessly!
You hit the gnoll.
The gnoll is heavily wounded.
You hit the gnoll. x2; The gnoll hits you with a +0 whip!
* * * LOW HITPOINT WARNING * * *
The gnoll closely misses you. The gnoll hits you with a +0 whip.
You die...

#.# #.# #.# #.#
#####.#######.##
+.............>#
#####.#######..#
#.# #..# #.# #..#
#.# #..# #.# #@g#
#.# #gg#
#.#######..# ###
#..........# #.#
#..........# #.#
##.#####.(.. #.#
#.# #...# #.# #.#
#...#
####.####.#####..


You could see 3 gnolls.

Vanquished Creatures
  A dart slug (D:1)
  4 ball pythons
  2 endoplasms
  A giant cockroach (D:2)
  3 goblins
  3 hobgoblins
  2 jackals (D:1)
  A kobold (D:1)
  2 quokkas (D:1)
  3 frilled lizards
  3 rats (D:1)
25 creatures vanquished.

Notes
Turn   | Place    | Note
-------+----------+-------------------------------------------
     0 | D:1      | acebull12 the Hill Orc Monk began the quest for the Orb.
     0 | D:1      | Reached XP level 1. HP: 19/19 MP: 1/1
   144 | D:1      | Reached XP level 2. HP: 24/27 MP: 2/2
   644 | D:1      | Reached XP level 3. HP: 33/33 MP: 3/3
  1174 | D:2      | Slain by a gnoll

Illustrated notes

Levels and vault maps discovered:
D:1:      ebering_trefoil_3fold, layout_loops_ring
D:2:      layout_basic

Skill      XL: |  1  2 |
---------------+-------+-----
Fighting       | 4 |  4.0
Axes           | |  4.7
Armour         | |  0.1
Dodging        | |  2.6
Stealth        | |  1.7

Action                   || total
-------------------------++-------
Melee: Hand axe          ||    74
       Punch             ||     2
 Stab: Sleeping          ||     3
Armor: Robe              ||     8
       Chain mail        ||    11
Dodge: Dodged            ||    40

Table legend: (Time is in decaauts)
 A = Elapsed time spent in this place.
 B = Non-inter-level travel time spent in this place.
 C = Inter-level travel time spent in this place.
 D = Time resting spent in this place.
 E = Time spent auto-exploring this place.
 F = Levels seen in this place.
 G = Mean time per level.
                   A        B        C        D        E       F      G
               +--------+--------+--------+--------+--------+-----+--------+
         Total |   1182 |    939 |    243 |      0 |    706 |   2 |  591.0 |
       Dungeon |   1182 |    939 |    243 |      0 |    706 |   2 |  591.0 |
               +--------+--------+--------+--------+--------+-----+--------+

Top non-repeatable levels by time:
     D:1: 935 daAuts
     D:2: 246 daAuts
